 Dungeon Crawl Stone Soup version 0.27.1 (webtiles) character file.

Game seed: 15728940083299667659

360 shadowrider38 the Vexing (level 6, -1/47 HPs)
             Began as a Vampire Enchanter on Aug 27, 2021.
             Slain by a kobold brigand (6 damage)
             ... in a sewer on Aug 28, 2021.
             The game lasted 00:17:05 (4526 turns).

shadowrider38 the Vexing (Vampire Enchanter)        Turns: 4526, Time: 00:17:06

Health: -1/47      AC:  9    Str:  7    XL:     6   Next: 38%
Magic:  18/18      EV:  2    Int: 18    God:
Gold:   101        SH:  5    Dex: 16    Spells: 8/9 levels left

rFire    + . .     SeeInvis +   a - +3 spear
rCold    + . .     Faith    .   p - +0 buckler
rNeg     . . .     Spirit   .   l - +0 chain mail
rPois    +         Reflect  .   (no helmet)
rElec    +         Harm     .   (no cloak)
rCorr    +         Rampage  .   j - +0 pair of gloves
Will     .....                  (no boots)
Stlth    ..........             n - amulet of regeneration
HPRegen  1.35/turn              h - ring of magical power
MPRegen  0.16/turn              (no ring)

@: lethally poisoned (-1 -> -1), resistant, healing quickly, slowed, very slow
A: alive, fangs 3, see invisible, vampiric 2
a: Exsanguinate


You were in a sewer.
You visited 1 branch of the dungeon, and saw 4 of its levels.
You also visited: Sewer.

You collected 101 gold pieces.

Inventory:

Hand Weapons
 a - a +3 spear (weapon)
 g - a +0 hunting sling
 m - a +1 dagger
 q - a +0 antimagic flail
Missiles
 c - 81 stones
 r - 4 poisoned darts
Armour
 b - a +0 robe
 j - a +0 pair of gloves (worn)
 l - a +0 chain mail (worn)
 o - a +0 leather armour
 p - a +0 buckler (worn)
Jewellery
 h - a ring of magical power (left hand)
 n - an amulet of regeneration (around neck)
Wands
 k - a wand of flame (17)
Scrolls
 d - 2 scrolls of identify
 e - a scroll of teleportation
Potions
 f - a potion of resistance
 i - a potion of attraction


   Skills:
 - Level 3.2 Fighting
 - Level 4.2 Short Blades
 - Level 0.3 Polearms
 - Level 2.1 Dodging
 - Level 4.4 Stealth
 + Level 3.0 Shields
 - Level 2.0 Spellcasting
 - Level 4.4 Hexes


You had 8 spell levels left.
You knew the following spells:

 Your Spells              Type           Power      Damage    Failure   Level
a - Corona                Hex            18%        N/A       100%        1

Your spell library contained the following spells:

 Spells                   Type           Power      Damage    Failure   Level
 Ensorcelled Hibernation  Hex/Ice        18%        N/A       100%        2
 Confusing Touch          Hex            17%        N/A       100%        3
 Dazzling Flash           Conj/Hex       18%        N/A       100%        3
 Tukima's Dance           Hex            17%        N/A       100%        3


Dungeon Overview and Level Annotations

Branches:
Dungeon (4/15)              Sewer (1/1)
 Temple: D:4-7

Altars:
Yredelemnul


Innate Abilities, Weirdness & Mutations

Your natural rate of healing is accelerated.
You have razor-sharp teeth.
You have supernaturally acute eyesight. (SInv)
You are afflicted with vampirism and can become a bat while bloodless.


Message History

You feel extremely sick.
The kobold brigand throws a curare-tipped dart.
The curare-tipped dart hits you.
You are more poisoned.
You have difficulty breathing.
You feel as though you will be slow longer.
You feel protected.
* * * LOW HITPOINT WARNING * * *
You feel extremely sick.
The kobold brigand throws a curare-tipped dart.
You block the curare-tipped dart.
You closely miss the kobold brigand.
The kobold brigand is moderately wounded.
* * * LOW HITPOINT WARNING * * *
You feel extremely sick.
The kobold brigand hits you with a +0 short sword.
* * * LOW HITPOINT WARNING * * *
You hit the kobold brigand.
The kobold brigand is moderately wounded.
You feel very sick.
The kobold brigand splashes around in the water. x2
Press: ? - help, v - describe, . - travel, g - get item
Here: a kobold brigand, wielding a +0 short sword and quivering curare-tipped darts (moderately wounded) Item here: a rat corpse.
Some shallow water.
Unknown command.
Unknown command.
You barely miss the kobold brigand.
The kobold brigand is moderately wounded.
You feel very sick.
The kobold brigand splashes around in the water.
You puncture the kobold brigand!
The kobold brigand is heavily wounded.
You feel sick.
The kobold brigand hits you but does no damage. x2
You closely miss the kobold brigand.
The kobold brigand is heavily wounded.
You feel sick.
The kobold brigand hits you with a +0 short sword.
You die...

.≈≈.≈.≈≈...≈≈## #######
.≈......≈.≈..#
≈≈.∩.∩.≈≈≈≈.≈#
≈........≈≈≈≈#
≈....≈≈..≈.≈.## ###
....≈.≈.≈≈≈≈≈.## #####≈≈≈≈?
≈..≈≈≈..≈##.†..####≈≈≈≈.#
#≈≈.≈.≈≈####.≈...≈≈≈###≈≈K≈.
#..≈≈..≈# #≈.≈≈@K≈≈# ###
.≈≈≈≈≈≈≈≈ ##.≈.≈≈≈.###.≈≈w.
#######..≈≈≈# #####≈≈r≈. ###


You could see a kobold brigand.

Vanquished Creatures
  A kobold brigand (Sewer)
  An orc wizard (D:3)
  11 adders
  4 gnolls
  2 river rats (D:4)
  2 worms (Sewer)
  3 dart slugs
  7 orcs
  9 bats
  7 endoplasms
  5 giant cockroaches
  5 goblins
  9 hobgoblins
  9 jackals
  2 quokkas (D:1)
  9 ball pythons
  5 frilled lizards (D:1)
  4 kobolds
  6 rats
101 creatures vanquished.

Notes
Turn   | Place    | Note
-------+----------+-------------------------------------------
     0 | D:1      | shadowrider38 the Vampire Enchanter began the quest for the
                  | Orb.
     0 | D:1      | Reached XP level 1. HP: 13/13 MP: 3/3
   159 | D:1      | Reached XP level 2. HP: 20/20 MP: 5/5
   433 | D:1      | Reached skill level 1 in Fighting
   485 | D:1      | Gained mutation: You are afflicted with vampirism and can
                  | become a bat while bloodless. [Vampire growth]
   485 | D:1      | Reached XP level 3. HP: 26/26 MP: 6/6
  1219 | D:2      | Found a faded altar of an unknown god.
  1754 | D:2      | Reached XP level 4. HP: 25/33 MP: 7/7
  2709 | D:2      | Reached XP level 5. HP: 39/39 MP: 8/8
  2830 | D:3      | Found a basalt altar of Yredelemnul.
  2843 | D:3      | Found a transporter.
  2924 | D:3      | Found a transporter.
  3188 | D:3      | Reached skill level 1 in Shields
  3496 | D:4      | Found a glowing drain.
  3544 | Sewer    | Entered a sewer
  4091 | Sewer    | Reached XP level 6. HP: 47/47 MP: 9/9
  4526 | Sewer    | Slain by a kobold brigand

Illustrated notes

Levels and vault maps discovered:
D:1:      dpeg_arrival_lava_temple_mockup, layout_loops_ring,
          minmay_misc_feat_ornament
D:2:      layout_rooms, basic_ecumenical_altar, minmay_misc_feat_more_columns
D:3:      layout_loops_cross, gammafunk_temple_overflow_arena,
          nrook_mini_backslash, minmay_hedge_maze
D:4:      layout_basic, portal_sewer_entry_a, hangedman_minor_gate_pass
Sewer:    sewer_co_tree

Skill      XL: |  1  2  3  4  5  6 |
---------------+-------------------+-----
Short Blades   | 2 3 4 |  4.2
Fighting       | 1 2 3 |  3.2
Shields        | 2 3 |  3.0
Polearms       | |  0.3
Dodging        | |  2.1
Stealth        | |  4.4
Spellcasting   | |  2.0
Hexes          | |  4.4

Action                   |  1- 3 |  4- 6 || total
-------------------------+-------+-------++-------
Melee: Dagger            |   158 |   114 ||   272
       Bite              |     9 |    25 ||    34
       Spear             |       |   209 ||   209
 Cast: Corona            |     6 |     2 ||     8
  Use: Scroll            |       |     3 ||     3
       Potion            |       |     1 ||     1
 Stab: Sleeping          |    22 |     3 ||    25
Armor: Robe              |    20 |    19 ||    39
       Chain mail        |       |   163 ||   163
Dodge: Dodged            |   104 |    46 ||   150
Block: Buckler           |       |    23 ||    23
